 Dungeon Crawl Stone Soup version 0.28.0-47-ge53b351184 (webtiles) character file.

Game seed: 8147345289447614933

586 issech the Cudgeller (level 7, -29/67 HPs)
             Began as a Troll Monk on May 7, 2022.
             Killed from afar by Ijyb (38 damage)
             ... with a bolt of acid
             ... on level 4 of the Dungeon.
             The game lasted 00:12:49 (3595 turns).

issech the Cudgeller (Troll Monk)                   Turns: 3595, Time: 00:12:49

Health: -29/67     AC:  7    Str: 20    XL:     7   Next: 15%
Magic:  6/6        EV: 11    Int:  6    God:
Gold:   216        SH:  0    Dex: 14    Spells: 6/6 levels left

rFire   . . .      SeeInvis .   a - +0 mace (protect)
rCold   . . .      Faith    .   (no shield)
rNeg    . . .      Spirit   .   b - +1 robe
rPois   .          Reflect  .   (helmet restricted)
rElec   .          Harm     .   j - +2 cloak
rCorr   .          Rampage  .   (gloves unavailable)
Will    .....                   (boots unavailable)
Stlth   ++........              (no amulet)
HPRegen 1.01/turn               (no ring)
MPRegen 0.10/turn               (no ring)

@: corroded, under a protective aura
A: large, unfitting armour, claws 3, regeneration 1, shaggy fur 1, tough skin 1
a: no special abilities


You were on level 4 of the Dungeon.
You visited 2 branches of the dungeon, and saw 6 of its levels.
You also visited: Sewer.

You collected 216 gold pieces.

Inventory:

Hand Weapons
 a - a +0 mace of protection (weapon)
Missiles
 f - 195 stones (quivered)
 m - 25 arrows
 q - 15 poisoned darts
 r - 18 bolts
Armour
 b - a +1 robe (worn)
 j - a +2 cloak (worn)
 w - a scarf of harm
Jewellery
 v - an amulet of guardian spirit
Wands
 s - a wand of flame (6)
Scrolls
 c - a scroll of blinking
 g - a scroll of fog
 l - 2 scrolls of enchant weapon
 n - a scroll of enchant armour
 p - a scroll of magic mapping {unknown}
Potions
 d - 4 potions of curing {unknown}
 e - 2 potions of degeneration {unknown}
 h - a potion of lignification {unknown}
 i - a potion of mutation {unknown}
 k - a potion of might {unknown}
 o - 3 potions of brilliance {unknown}
 t - a potion of attraction {unknown}
 u - 4 potions of heal wounds
 x - 2 potions of flight


   Skills:
 + Level 3.4 Fighting
 + Level 5.5 Maces & Flails
 + Level 4.1 Dodging
 + Level 1.6 Stealth


You had 6 spell levels left.
You didn't know any spells.
Your spell library contained the following spells:

 Spells                   Type           Power      Damage    Failure   Level
 Animate Skeleton         Necr           0%         N/A       45%         1
 Pain                     Necr           0%         1d4       45%         1
 Vampiric Draining        Necr           0%         2d6       83%         3


Dungeon Overview and Level Annotations

Branches:
Dungeon (5/15)             Temple (1/1) D:4           Sewer (visited)

Altars:
Cheibriados
Elyvilon
Fedhas
Gozag
Makhleb
Nemelex Xobeh
Qazlal
Ru
Trog
Vehumet
Wu Jian
Xom
Yredelemnul
Zin
The Shining One

Annotations:
D:4 Ijyb


Innate Abilities, Weirdness & Mutations

You are too large for most types of armour.
You have claws for hands.
Your natural rate of healing is unusually fast.
You are covered in fur. (AC +1)
You have tough skin. (AC +1)


Message History

Ijyb is severely wounded.
Ijyb hits you but does no damage.
You hit Ijyb but do no damage.
Ijyb is severely wounded.
Ijyb zaps a wand.
The bolt of acid hits you!!
* * * LOW HITPOINT WARNING * * *
You hit Ijyb but do no damage.
Ijyb is severely wounded.
Ijyb screams, "It's all mine!"
Ijyb misses you.
You barely miss Ijyb.
Ijyb is severely wounded.
Ijyb misses you.
You hit Ijyb but do no damage.
Ijyb is severely wounded.
Ijyb misses you.
You hit Ijyb but do no damage.
Ijyb is severely wounded.
Ijyb hits you with a +0 club.
* * * LOW HITPOINT WARNING * * *
You hit Ijyb.
Ijyb is severely wounded.
Ijyb hits you but does no damage. Ijyb misses you.
You hit Ijyb but do no damage.
Ijyb is severely wounded.
Ijyb barely misses you.
You hit Ijyb.
Ijyb is severely wounded.
Ijyb closely misses you.
You hit Ijyb but do no damage.
Ijyb is severely wounded.
Ijyb closely misses you.
You barely miss Ijyb.
Ijyb is severely wounded.
Ijyb closely misses you.
You closely miss Ijyb. Your claw misses Ijyb.
Ijyb is severely wounded.
Ijyb zaps a wand.
The bolt of acid hits you!!!
Ouch! That really hurt!
You die...

##<..............###.#
##.....##.....#.#≈###
#########..###.#≈'≈≈
#.## #.#.'≈≈ ###
#.####.#≈### ..
##....#.###.#
#.###.####..#......
##....###....##.#.#.
#.g@##...##...#.#...
#..#..###..#........
#.#..#...#..#.......
#.#.#.###.#.#...####
#####.#.#...#.#.####
#...#.#.#.>.#.#.#######
#...#.#.#...#.#.##.....
#....#.#.###.#.#...####
#....#..#...#..#.###


You could see Ijyb.

Vanquished Creatures
  2 kobold brigands (Sewer)
  2 scorpions (D:4)
  A centaur zombie (D:4)
  Natasha (thrice) (D:2)
  6 gnolls
  6 adders
  A river rat (Sewer)
  An ufetubus (D:4)
  3 worms
  4 dart slugs
  2 orcs
  6 bats
  5 endoplasms
  6 giant cockroaches
  7 goblins
  6 hobgoblins
  5 jackals
  5 quokkas
  5 ball pythons
  2 frilled lizards (D:2)
  10 kobolds
  7 rats
95 creatures vanquished.

Vanquished Creatures (others)
  30 plants (D:2)
30 creatures vanquished.

Grand Total: 125 creatures vanquished

Notes
Turn   | Place    | Note
-------+----------+-------------------------------------------
     0 | D:1      | issech the Troll Monk began the quest for the Orb.
     0 | D:1      | Reached XP level 1. HP: 22/22 MP: 0/0
   232 | D:1      | Reached XP level 2. HP: 29/29 MP: 1/1
   301 | D:1      | Found a faded altar of an unknown god.
   357 | D:1      | Reached skill level 3 in Maces & Flails
   709 | D:2      | Found the +7 Kryia's mail coat {PotionHeal*2 rC+}
   801 | D:2      | Found a shimmering altar of Xom.
   813 | D:2      | Reached XP level 3. HP: 36/36 MP: 2/2
   946 | D:2      | Reached XP level 4. HP: 39/44 MP: 3/3
  1079 | D:2      | Noticed Natasha
  1260 | D:2      | Killed Natasha
  1261 | D:2      | Reached skill level 4 in Maces & Flails
  1300 | D:2      | Noticed Natasha
  1379 | D:2      | Killed Natasha
  1380 | D:2      | Reached XP level 5. HP: 47/52 MP: 4/4
  1603 | D:2      | Noticed Natasha
  1630 | D:2      | Killed Natasha
  2364 | D:3      | Found a white marble altar of Elyvilon.
  2560 | D:4      | Reached XP level 6. HP: 31/61 MP: 5/5
  2615 | D:4      | Found a staircase to the Ecumenical Temple.
  2619 | D:4      | Noticed Ijyb
  2623 | Temple   | Entered the Ecumenical Temple
  2907 | D:4      | Reached skill level 5 in Maces & Flails
  3019 | D:5      | Entered Level 5 of the Dungeon
  3137 | D:4      | Found a glowing drain.
  3142 | Sewer    | Entered a sewer
  3261 | Sewer    | Reached XP level 7. HP: 65/67 MP: 6/6
  3301 | Sewer    | Found a white marble altar of Elyvilon.
  3585 | D:4      | HP: 3/67 [Ijyb/bolt of acid (21)]
  3595 | D:4      | Killed from afar by Ijyb

Illustrated notes

Levels and vault maps discovered:
D:1:      heliophobic_arrival_battle_scene, layout_loops_ring,
          chequers_ecumenical_altar_simple_redux
D:2:      layout_loops_ring, basic_altar, serial_bayou, serial_bayou_crossing,
          serial_bayou_pond_d, serial_bayou_lake_a, serial_bayou_lagoon_a,
          minmay_misc_feat_nine_boxes, uniq_natasha
D:3:      layout_loops_ring, elyvilon_altar_4
D:4:      layout_rooms, minmay_temple_entry_steel_oval, gup_sewer_entry_bowl,
          lemuel_flame_loot_1, uniq_ijyb
D:5:      layout_basic, nicolae_uskayaw_dance_hall, uniq_pikel
Temple:   nicolae_temple_figure_eight

Skill      XL: |  1  2  3  4  5  6 |
---------------+-------------------+-----
Maces & Flails | 3 4 5 |  5.5
Dodging        | 3 4 |  4.1
Fighting       | 3 |  3.4
Stealth        | |  1.6

Action                   |  1- 3 |  4- 6 |  7- 9 || total
-------------------------+-------+-------+-------++-------
Melee: Mace              |    88 |   278 |    35 ||   401
       Punch             |     1 |     1 |       ||     2
  Use: Scroll            |       |     6 |       ||     6
 Stab: Sleeping          |     3 |     1 |       ||     4
Armor: Robe              |    37 |   187 |    13 ||   237
Dodge: Dodged            |    44 |   213 |    21 ||   278
